 Dungeon Crawl Stone Soup version 0.26-a0-611-g354ed81502 (webtiles) character file.

Game seed: 13018634692063370492

83 Eifo4Ohj9gu9Dob0ohLe the Cudgeler (level 4, -1/44 HPs)
             Began as a Troll Berserker on Sept 5, 2020.
             Was a Believer of Trog.
             Succumbed to a worker ant's poison
             ... on level 4 of the Dungeon.
             The game lasted 00:04:48 (815 turns).

Eifo4Ohj9gu9Dob0ohLe the Cudgeler (Troll Berserker)  Turns: 815, Time: 00:04:49

Health: -1/44      AC:  6    Str: 26    XL:     4   Next: 22%
Magic:  3/3        EV: 10    Int:  3    God:    Trog [**....]
Gold:   54         SH:  0    Dex:  9    Spells: 3/3 levels left

rFire    . . .     SeeInvis .   a - +0 mace
rCold    . . .     Faith    .   (no shield)
rNeg     . . .     Spirit   .   b - +0 animal skin
rPois    .         Reflect  .   (helmet restricted)
rElec    .         Harm     .   (no cloak)
rCorr    .                      (gloves unavailable)
MR       .....                  (boots unavailable)
Stlth    +.........             (no amulet)
HPRegen  0.54/turn              (no ring)
MPRegen  0.08/turn              (no ring)

@: lethally poisoned (-1 -> -9), berserk cooldown, slowed, very slow
A: large, unfitting armour, claws 3, regeneration 1, shaggy fur 1, tough skin 3
a: Berserk, Trog's Hand, Renounce Religion


You were on level 4 of the Dungeon.
You worshipped Trog.
Trog was pleased with you.
You visited 1 branch of the dungeon, and saw 3 of its levels.

You collected 54 gold pieces.

Inventory:

Hand Weapons
 a - a +0 mace (weapon)
Armour
 b - a +0 animal skin (worn)
Jewellery
 d - a +6 ring of dexterity {unknown}
Scrolls
 c - a scroll of fear {unknown}
 e - a scroll of magic mapping {unknown}
 f - a scroll of identify {unknown}
Potions
 g - a potion of invisibility


   Skills:
 + Level 2.9 Fighting
 + Level 3.5 Maces & Flails
 + Level 3.2 Dodging


You had 3 spell levels left.
You didn't know any spells.
Your spell library was empty.

Dungeon Overview and Level Annotations

Branches:
Dungeon (2/15)

Altars:
Kikubaaqudgha


Innate Abilities, Weirdness & Mutations

You are too large for most types of armour.
You have claws for hands.
Your natural rate of healing is unusually fast.
You are covered in fur. (AC +1)
You have extremely tough skin. (AC +3)


Message History

You feel very sick. The worker ant barely misses you.
The worker ant closely misses you. The worker ant bites you.
You are more poisoned.
The worker ant poisons you!
You hit the worker ant.
The worker ant is almost dead.
You feel very sick. The worker ant barely misses you. The worker ant bites you.
* * * LOW HITPOINT WARNING * * *
You hit the worker ant but do no damage.
The worker ant is almost dead.
* * * LOW HITPOINT WARNING * * *
You feel very sick. The worker ant closely misses you.
The worker ant bites you!
* * * LOW HITPOINT WARNING * * *
Unknown command.
You hit the worker ant but do no damage.
The worker ant is almost dead.
You die...

..## ..# ###
..##
#...#..####
+...#.....##
..........#
##.#......#
#...?@a...#
#......#..#
#..#...## #
#.......##
#..#...## #.
##.. . ##.
.# #


You could see a worker ant.

Vanquished Creatures
  3 adders (D:2)
  2 oozes (D:1)
  A dart slug (D:1)
  5 bats
  4 giant cockroaches
  4 hobgoblins
  6 jackals (D:1)
  6 kobolds
  A quokka (D:2)
  4 frilled lizards (D:2)
  4 goblins
  4 rats
44 creatures vanquished.

Notes
Turn   | Place    | Note
-------+----------+-------------------------------------------
     0 | D:1      | Eifo4Ohj9gu9Dob0ohLe the Troll Berserker began the quest
                  | for the Orb.
     0 | D:1      | Reached XP level 1. HP: 22/22 MP: 0/0
    54 | D:1      | Reached XP level 2. HP: 26/29 MP: 1/1
   332 | D:1      | Reached XP level 3. HP: 34/36 MP: 2/2
   599 | D:2      | Reached ** piety under Trog
   780 | D:2      | Reached XP level 4. HP: 44/44 MP: 3/3
   782 | D:2      | Found an ancient bone altar of Kikubaaqudgha.
   804 | D:2      | You fall into a shaft and drop 2 floors!
   814 | D:4      | HP: 1/44 [worker ant (8)]
   815 | D:4      | Succumbed to a worker ant's poison

Illustrated notes

Levels and vault maps discovered:
D:1:      elethiomel_arrival_quiet, layout_rooms
D:2:      layout_basic, old_standard_altar, nicolae_qazlal_eye_of_the_storm
D:4:      layout_layer_cave, nicolae_dithmenos_shadow_blocks,
          evilmike_ruin_ashenzari, uniq_ijyb

Skill      XL: |  1  2  3 |
---------------+----------+-----
Maces & Flails | 3 |  3.5
Dodging        | 3 |  3.2
Fighting       | |  2.9

Action                   |  1- 3 |  4- 6 || total
-------------------------+-------+-------++-------
Melee: Mace              |   146 |    27 ||   173
Invok: Berserk           |     1 |     1 ||     2
  Use: Potion            |     2 |       ||     2
 Stab: Sleeping          |     1 |       ||     1
Armor: Animal skin       |   103 |    16 ||   119
Dodge: Dodged            |   118 |    17 ||   135

Table legend: (Time is in decaauts)
 A = Elapsed time spent in this place.
 B = Non-inter-level travel time spent in this place.
 C = Inter-level travel time spent in this place.
 D = Time resting spent in this place.
 E = Time spent auto-exploring this place.
 F = Levels seen in this place.
 G = Mean time per level.
                   A        B        C        D        E       F      G
               +--------+--------+--------+--------+--------+-----+--------+
         Total |    868 |    868 |      0 |     96 |    294 |   3 |  289.3 |
       Dungeon |    868 |    868 |      0 |     96 |    294 |   3 |  289.3 |
               +--------+--------+--------+--------+--------+-----+--------+

Top non-repeatable levels by time:
     D:2: 464 daAuts
     D:1: 389 daAuts
     D:4: 15 daAuts
